Map: Catalyst LE

Players

SamuraiFunn - Winner!

  • Race: Protoss Protoss
  • League: Platinum
  • Spawn Location: 5:00

A.I. 1 (Very Hard)

  • Race: Terran Terran
  • Spawn Location: 11:00

VOD

Have the link to the VOD?

Description

Time

  • Played on: Nov. 30, 2017, 9:31 p.m.
  • Length: 17:15
Show
View Real Time Build Order
Export as new Build Order

SamuraiFunn Protoss - Winner!

Build Orders:  

Get SALT Encoding   

  12  0:01  Probe  
  13  0:13  Probe  
  14  0:21  Pylon  
  14  0:25  Probe  
  15  0:39  Probe  
  16  0:47  Gateway  
  16  0:51  Probe  
  17  1:08  Probe  
  18  1:20  Probe  
  19  1:34  Probe  
  19  1:35  Assimilator  
  19  1:38  Assimilator  
  20  1:41  Pylon  
  21  1:47  Probe  
  21  1:55  Zealot  
  21  1:59  Probe, Cybernetics Core  
  24  2:11  Probe  
  25  2:23  Probe, Gateway  
  25  2:24  Gateway  
  25  2:26  Zealot  
  28  2:37  Warp Gate (Chrono Boost)  
  28  2:41  Nexus  
  27  3:00  Stalker  
  29  3:06  Shield Battery  
  29  3:13  Pylon  
  29  3:14  Probe  
  30  3:26  Probe  
  31  3:31  Stalker x2  
  31  3:32  Zealot  
  37  3:38  Probe  
  38  3:42  Pylon  
  37  3:59  Stalker  
  37  4:00  Probe  
  37  4:01  Probe, Stalker  
  33  4:32  Stalker  
  33  4:42  Probe  
  35  4:48  Assimilator  
  35  4:50  Assimilator  
  35  4:59  Twilight Council  
  34  5:00  Probe x2  
  34  5:03  Stalker  
  34  5:04  Robotics Facility  
  38  5:12  Probe x2  
  38  5:13  Pylon  
  40  5:18  Pylon  
  40  5:23  Stalker  
  40  5:24  Probe x2  
  40  5:25  Stalker  
  46  5:36  Probe x2  
  46  5:39  Stalker  
  50  5:48  Probe x2  
  52  6:00  Probe x2  
  52  6:01  Nexus  
  52  6:04  Stalker  
  56  6:11  Stalker  
  58  6:12  Stalker  
  58  6:18  Probe x2  
  62  6:28  Stalker  
  62  6:30  Probe x2  
  62  6:31  Observer  
  67  6:46  Pylon  
  67  6:47  Probe  
  67  6:48  Probe  
  67  6:49  Pylon  
  69  6:57  Observer  
  69  6:59  Stalker x3  
  69  7:00  Probe x2  
  78  7:18  Gateway x2  
  78  7:20  Probe x3  
  81  7:27  Robotics Facility  
  81  7:32  Probe x3  
  84  7:44  Probe x3, Stalker  
  86  7:45  Stalker  
  86  7:46  Stalker  
  93  7:52  Immortal  
  97  8:10  Stalker  
  99  8:13  Stalker x2  
  99  8:14  Probe x2  
  99  8:15  Probe  
  106  8:27  Pylon  
  106  8:29  Pylon  
  106  8:32  Pylon  
  106  8:37  Forge  
  106  8:39  Forge  
  106  8:41  Forge  
  106  8:45  Immortal x2  
  114  8:48  Assimilator  
  114  8:52  Assimilator  
  114  8:56  Pylon  
  114  8:58  Stalker x3  
  114  9:01  Pylon  
  120  9:04  Pylon  
  120  9:07  Pylon  
  120  9:09  Gateway  
  120  9:11  Gateway, Protoss Ground Armor Level 1  
  120  9:15  Protoss Ground Weapons Level 1  
  120  9:17  Stalker x2  
  124  9:24  Immortal  
  128  9:35  Stalker x2  
  128  9:36  Stalker  
  134  9:50  Stalker x2  
  138  10:06  Nexus  
  138  10:09  Pylon  
  138  10:13  Pylon  
  138  10:15  Probe  
  138  10:16  Probe x2  
  141  10:25  Immortal x2  
  141  10:27  Pylon  
  141  10:28  Stalker x3  
  155  10:30  Pylon, Stalker  
  155  10:31  Stalker  
  159  11:09  Blink (Chrono Boost)  
  125  11:31  Stalker  
  125  11:32  Stalker x4  
  115  11:33  Stalker x2  
  121  11:51  Protoss Ground Weapons Level 2 (Chrono Boost), Protoss Ground Armor Level 2 (Chrono Boost)  
  121  11:52  Protoss Shields Level 1  
  117  12:35  Stalker x4  
  117  12:36  Stalker x2  
  125  12:39  Immortal x2  
  125  12:42  Stalker  
  121  12:49  Robotics Facility  
  121  12:51  Robotics Facility  
  117  12:53  Robotics Facility  
  117  12:55  Robotics Facility  
  103  13:16  Stalker x5  
  103  13:18  Immortal x2  
  117  13:41  Immortal x3  
  129  13:43  Immortal  
  129  13:47  Stalker x3  
  139  13:48  Stalker x2  
  139  13:49  Stalker x2  
  139  13:55  Protoss Shields Level 2 (Chrono Boost)  
  147  13:56  Warp Prism  
  147  13:57  Warp Prism  
  151  14:20  Immortal  
  155  14:24  Immortal x3  
  155  14:27  Stalker x4  
  155  15:02  Immortal x3  
  155  15:03  Immortal  
  167  15:32  Stalker x3  
  167  15:33  Stalker  
  167  15:34  Stalker x2  
  165  15:50  Stalker  
  167  16:03  Stalker  
  167  16:04  Stalker x3  
  171  16:05  Stalker x2  
Show
View Real Time Build Order
Export as new Build Order

A.I. 1 (Very Hard) Terran 

Build Orders: MMM Bio 

Get SALT Encoding   

  12  0:00  SCV  
  13  0:13  SCV  
  14  0:19  Supply Depot  
  14  0:25  SCV  
  15  0:40  SCV  
  16  0:43  Barracks  
  16  0:46  Refinery  
  16  0:52  SCV  
  17  1:03  Barracks  
  17  1:05  SCV  
  18  1:17  SCV  
  19  1:31  Marine, Orbital Command  
  20  1:43  Barracks  
  20  1:49  Marine  
  20  1:50  Marine  
  22  1:57  Supply Depot  
  22  2:01  SCV  
  23  2:09  Barracks Tech Lab x2  
  23  2:19  SCV  
  24  2:27  Marine x2  
  24  2:28  Concussive Shells  
  26  2:30  Marine, Stimpack  
  26  2:36  Supply Depot  
  27  2:44  Marine x2  
  27  2:45  SCV  
  27  2:47  Marine  
  31  3:03  Marauder x2  
  31  3:05  Marine  
  35  3:06  Supply Depot  
  36  3:20  Combat Shields  
  36  3:21  SCV  
  36  3:23  Marine  
  36  3:24  Marine  
  39  3:27  Marine, Supply Depot  
  40  3:41  Marine  
  40  3:42  Marauder  
  40  3:43  Refinery  
  40  3:46  Marauder  
  45  4:04  Marauder  
  45  4:06  SCV  
  45  4:07  Marauder  
  50  4:11  Supply Depot  
  50  4:18  SCV  
  45  4:26  Marauder  
  45  4:34  Command Center  
  45  4:36  Marine  
  45  4:39  Marine  
  45  4:44  SCV  
  47  4:46  Marine  
  48  4:54  Marine  
  48  4:57  Marauder  
  51  5:04  Marine  
  51  5:06  Factory  
  52  5:11  Marine  
  53  5:18  Marine  
  54  5:23  Marauder  
  54  5:25  Supply Depot  
  56  5:31  Barracks Reactor  
  56  5:36  Marine  
  57  5:44  Marauder  
  57  5:49  SCV  
  60  5:51  Starport  
  60  5:53  SCV  
  60  5:54  Marine  
  62  6:01  SCV  
  63  6:05  SCV, Marine  
  63  6:10  Marine  
  66  6:12  Marauder  
  66  6:13  SCV  
  66  6:17  SCV  
  70  6:23  Marauder  
  70  6:25  SCV  
  73  6:26  Engineering Bay  
  73  6:29  Medivac  
  73  6:32  SCV  
  76  6:37  SCV  
  77  6:44  SCV, Supply Depot  
  78  6:49  SCV  
  78  6:53  Terran Infantry Weapons Level 1  
  79  6:56  SCV  
  79  6:57  Engineering Bay  
  79  6:59  Medivac  
  82  7:01  SCV  
  83  7:09  SCV  
  83  7:10  Missile Turret  
  83  7:13  SCV  
  83  7:14  Supply Depot  
  85  7:21  SCV  
  85  7:22  Terran Infantry Armor Level 1, Missile Turret  
  86  7:25  SCV  
  87  7:33  Starport Reactor, SCV, Barracks  
  88  7:38  SCV  
  88  7:41  Supply Depot, Marine  
  88  7:43  Marine  
  91  7:45  Marine, Orbital Command  
  91  7:46  Marine  
  93  8:00  Marauder  
  93  8:01  Missile Turret  
  93  8:05  Marauder  
  97  8:08  Supply Depot  
  97  8:09  Medivac, Viking  
  101  8:21  Marauder  
  101  8:22  Missile Turret  
  101  8:26  Marauder  
  105  8:31  Command Center  
  105  8:39  Medivac, Viking  
  109  8:41  Supply Depot  
  109  8:50  Missile Turret  
  109  9:00  Refinery  
  109  9:09  Viking  
  111  9:10  Refinery  
  111  9:12  Supply Depot  
  111  9:17  Viking  
  113  9:39  Viking  
  113  9:43  SCV, Supply Depot  
  113  9:44  SCV x2  
  118  9:47  Viking  
  120  9:56  SCV  
  120  9:57  Refinery, Orbital Command  
  120  9:59  Armory  
  122  10:00  SCV  
  122  10:02  Missile Turret  
  122  10:03  Missile Turret  
  122  10:08  SCV  
  122  10:12  SCV  
  124  10:20  SCV  
  125  10:22  Factory  
  125  10:24  SCV, Starport  
  125  10:25  SCV, Factory Tech Lab  
  127  10:28  Command Center  
  127  10:32  SCV  
  128  10:36  SCV  
  128  10:37  SCV  
  130  10:43  Hi-Sec Auto Tracking  
  130  10:44  SCV  
  130  10:48  SCV, Terran Infantry Weapons Level 2  
  130  10:49  SCV  
  133  10:52  Siege Tank  
  133  10:56  SCV  
  137  10:58  Supply Depot  
  137  10:59  Starport Tech Lab  
  137  11:00  SCV  
  137  11:02  SCV  
  139  11:04  Marauder  
  139  11:05  Factory Tech Lab  
  139  11:06  Marauder  
  139  11:08  SCV  
  141  11:12  SCV  
  141  11:17  Marine x2, Raven  
  137  11:19  Marine  
  137  11:20  High Capacity Fuel Tanks  
  137  11:24  Widow Mine, Siege Tank  
  125  11:25  Marauder  
  125  11:27  Marauder  
  99  11:34  Refinery  
  99  11:35  Marine x2  
  99  11:36  Marine  
  98  11:41  SCV  
  98  11:43  SCV x2, Refinery  
  98  11:45  SCV  
  104  11:47  Marauder  
  104  11:49  Marauder  
  104  11:52  Marine, Missile Turret  
  104  11:53  Marine, Siege Tank  
  104  11:54  SCV, Marine  
  111  11:56  Missile Turret  
  111  11:57  Planetary Fortress  
  99  12:04  Siege Tank  
  99  12:08  Marine  
  99  12:09  Medivac  
  99  12:10  Marine, Marauder  
  99  12:11  Marine  
  99  12:12  Marine  
  99  12:13  Medivac  
  108  12:19  SCV  
  108  12:20  SCV  
  106  12:24  SCV, Widow Mine  
  106  12:26  Marauder  
  106  12:28  Marine  
  106  12:29  Marine  
  95  12:30  Marine  
  95  12:31  SCV, Marauder  
  95  12:32  SCV  
  95  12:34  SCV  
  95  12:36  SCV, Siege Tank  
  89  12:43  SCV  
  82  12:44  SCV  
  82  12:46  Marine  
  82  12:47  SCV, Marine x2  
  82  12:48  SCV, Marine  
  82  12:53  Marauder  
  82  12:55  SCV  
  82  12:56  SCV  
  80  13:00  SCV  
  80  13:04  Marine  
  80  13:05  Marine  
  79  13:08  SCV  
  78  13:14  Marauder  
  78  13:19  Marine  
  81  13:20  SCV x2  
  81  13:23  SCV, Command Center, Marauder  
  81  13:25  Marine  
  81  13:26  Marine  
  88  13:32  SCV  
  88  13:34  SCV  
  90  13:35  SCV  
  90  13:36  Marauder  
  90  13:37  Marine  
  90  13:40  Siege Tank  
  97  13:44  SCV, Marine, Siege Tank  
  97  13:46  SCV, Marine  
  97  13:48  SCV  
  105  13:50  Marine  
  106  13:56  SCV  
  106  13:57  Marauder  
  106  13:58  SCV  
  106  14:00  SCV  
  106  14:02  Marauder  
  113  14:08  SCV  
  114  14:11  SCV  
  114  14:12  SCV, Siege Tank  
  114  14:13  Terran Infantry Weapons Level 3  
  114  14:16  Widow Mine  
  121  14:18  Marauder  
  121  14:20  SCV  
  121  14:23  SCV  
  121  14:24  SCV, Marauder  
  127  14:30  Raven  
  130  14:33  SCV  
  130  14:34  Medivac  
  130  14:35  Marine  
  130  14:37  SCV, Marine  
  135  14:39  Marine  
  135  14:40  Marauder  
  135  14:43  Widow Mine  
  135  14:44  Marine  
  135  14:45  Siege Tank  
  114  14:54  Marine  
  114  14:55  Marine  
  114  14:57  Marine  
  114  14:58  SCV  
  108  15:01  Marauder  
  108  15:02  Marine  
  100  15:12  SCV, Marine, Raven  
  100  15:13  Marine  
  95  15:14  Marine  
  95  15:18  Ghost Academy  
  95  15:19  SCV  
  95  15:21  SCV, Marauder  
  92  15:22  Marine  
  92  15:24  SCV  
  79  15:29  Marine  
  79  15:31  Marine  
  79  15:32  SCV, Marine  
  70  15:38  Command Center  
  70  15:40  Marauder  
  70  15:41  Marine  
  69  15:47  SCV, Marine  
  69  15:49  Marine  
  65  15:50  Marine  
  65  15:53  SCV  
  62  15:59  SCV, Marine  
  62  16:01  Ghost  
  60  16:05  Marine  
  60  16:06  Marine  
  50  16:18  Marauder  
  3  17:01  Command Center  
Tags
 
Composition
MMM Bio
League
Platinum
Matchup
PvT
Replay Pack
First 100 games
Spawn Locations
Cross Positions
Add a new tag
Caveats
  • Supply blocks, unpowered buildings, or Contaminate may cause inaccurate times.
  • Supply counts are checked every 10 seconds.